 Dungeon Crawl Stone Soup version 0.31-a0-229-g1fc7ce93e2 (webtiles) character file.

Game seed: 18435275868997232699

3896 tsouns the Basher (level 10, 0/53 (59) HPs)
             Began as a Vine Stalker Berserker on July 6, 2023.
             Was an Elder of Trog.
             Slain by a wight
             ... wielding a +3 halberd
              (3 damage)
             ... on level 8 of the Dungeon.
             The game lasted 00:10:48 (5182 turns).

tsouns the Basher (Vine Stalker Berserker)          Turns: 5182, Time: 00:10:48

HP:   0/53 (59)     AC:  8    Str: 30    XL:     10   Next: 20%
MP:   0/11          EV: 12    Int:  7    God:    Trog [****..]
Gold: 507           SH:  0    Dex: 14    Spells: 9/9 levels left

rFire   . . .        k - +2 dire flail (drain)
rCold   + . .        (shield currently unavailable)
rNeg    . . .        o - +2 robe {rC+}
rPois   .            j - +1 hat
rElec   .            x - +0 cloak
rCorr   .            C - +0 pair of gloves
SInv    +            e - +0 pair of boots
Will    +++..        (no amulet)
Stlth   +            m - +6 ring of strength
HPRegen 2.08/turn    d - ring of see invisible
MPRegen 0.12/turn

%: guardian spirit
@: strong-willed, regenerating, heavily drained
A: fangs 3, regeneration 1, magic shield, antimagic bite, no potion heal 2
a: Renounce Religion, Berserk, Trog's Hand, Brothers in Arms


You were on level 8 of the Dungeon.
You worshipped Trog.
Trog was greatly pleased with you.
You visited 1 branch of the dungeon, and saw 8 of its levels.
You also visited: Sewer.

You collected 507 gold pieces.

Inventory:

Hand Weapons
 a - a +0 mace
 g - a +1 morningstar
 k - a +2 dire flail of draining (weapon)
Missiles
 s - 2 throwing nets
Armour
 b - a +0 animal skin
 e - a +0 pair of boots (worn)
 j - a +1 hat (worn)
 o - a +2 robe of cold resistance (worn)
 x - a +0 cloak (worn)
 C - a +0 pair of gloves (worn)
Jewellery
 d - a ring of see invisible (right hand)
 m - a +6 ring of strength (left hand)
Wands
 v - a wand of charming (7)
 y - a wand of flame (23)
 z - a wand of mindburst (5)
 E - a wand of iceblast (7)
Scrolls
 c - 2 scrolls of amnesia
 h - 3 scrolls of teleportation
 i - 2 scrolls of fear
 p - a scroll of blinking
 q - a scroll of fog
 w - 2 scrolls of vulnerability
 A - a scroll of summoning
 B - 2 scrolls of identify
 D - a scroll of acquirement {unknown}
Potions
 f - 6 potions of curing
 l - 2 potions of invisibility
 n - 2 potions of enlightenment
 r - 2 potions of brilliance
 t - 3 potions of haste
 u - 2 potions of might


   Skills:
 + Level 9.8 Fighting
 + Level 9.8 Maces & Flails
 - Level 1.5 Armour
 - Level 1.5 Dodging


You had 9 spell levels left.
You didn't know any spells.
Your spell library contained the following spells:

 Spells                   Type           Power      Damage    Failure   Level
 Gell's Gravitas          Tloc           0%         N/A       80%         3
 Teleport Other           Tloc           0%         N/A       80%         3
 Dispersal                Tloc           0%         N/A       100%        6


Dungeon Overview and Level Annotations

Branches:
Dungeon (8/15)             Temple (0/1) D:6            Lair (0/5) D:8
  Sewer (visited)

Altars:
Dithmenos
Gozag
Makhleb
Vehumet
Xom
Lugonu

Portals:
Abyss: D:3

Annotations:
D:3 2 runed translucent doors


Innate Abilities, Weirdness & Mutations

You have razor-sharp teeth.
Your natural rate of healing is unusually fast.
When hurt, damage is shared between your health and your magic reserves.
Your bite disrupts and absorbs the magic of your enemies.
Potions cannot restore your health.


Message History

You feel sick. The wight hits you but does no damage. The wight misses you.
The kobold barely misses you.
You puncture the wight!
The wight is almost destroyed.
You feel sick. The wight hits you with a +3 trident.
You feel drained. The kobold hits you but does no damage.
The wight hits you from afar with a +3 halberd.
You feel drained.
You barely miss the wight. You bite the wight.
You destroy the wight!
Trog accepts your kill.
The kobold hits you with a +0 short sword.
The wight hits you from afar with a +3 halberd!
You feel drained.
You are too injured to fight recklessly!
You are too injured to fight recklessly!
You are too injured to fight recklessly!
You are too injured to fight recklessly!
You are too injured to fight recklessly!
You are too injured to fight recklessly!
You are too injured to fight recklessly!
You are too injured to fight recklessly!
You are too injured to fight recklessly!
You are too injured to fight recklessly!
You are too injured to fight recklessly!
You are too injured to fight recklessly!
You are too injured to fight recklessly!
You are too injured to fight recklessly!
You are too injured to fight recklessly!
Your skin crawls.
You feel strong-willed.
You feel sick. The acid dragon spits acid at you. The splash of acid hits you!!
Ouch! That really hurt!
* * * LOW HITPOINT WARNING * * *
The wight barely misses you. The kobold hits you but does no damage.
Your system rejects the healing.
You feel better.
The wight hits you from afar with a +3 halberd.
You die...

... ... ... ..# .... #.#
..... #.# ##### ...##
#.# #...# .z. #.# #...#
###'##K####.########...#
>...D.)@)..............#
..#########.#######....#
#†# #....# #.# ##.###
#.# #.## #.### ##..##
#...# #..... ###.#
#....[ ##########.##
#.....


You could see an acid dragon, a wight and a kobold.

Vanquished Creatures
  Pikel (D:4)
  A manticore (D:8)
  4 yaks (D:5)
  The ghost of NigelTetley the Slasher, an amateur FoFi (D:5)
  Edmund (D:4)
  A water moccasin (D:5)
  A black bear (D:6)
  3 sky beasts
  An ice beast (D:7)
  3 ogres
  A centaur (D:7)
  A lemure (D:3)
  2 kobold brigands
  A gnoll sergeant (D:7)
  3 scorpions
  3 bullfrogs
  2 wights (D:8)
  A jelly (D:7)
  5 iguanas
  4 orc wizards
  2 sleepcaps (D:8)
  Natasha (thrice) (D:4)
  4 gnolls (D:7)
  17 adders
  A river rat (Sewer)
  A white imp (D:5)
  An ufetubus (D:5)
  17 orcs
  17 ball pythons
  4 endoplasms
  5 giant cockroaches
  5 goblins
  5 hobgoblins
  13 kobolds
  5 quokkas
  A bat (D:3)
  5 frilled lizards
  23 rats
169 creatures vanquished.

Notes
Turn   | Place    | Note
-------+----------+-------------------------------------------
     0 | D:1      | tsouns the Vine Stalker Berserker began the quest for the
                  | Orb.
     0 | D:1      | Reached XP level 1. HP: 11/11 MP: 2/2
   112 | D:1      | Reached XP level 2. HP: 14/16 MP: 3/3
   682 | D:2      | Reached XP level 3. HP: 19/20 MP: 4/4
   708 | D:2      | HP: 1/30 [poisoned by an adder]
   912 | D:2      | Gained mutation: Your natural rate of healing is unusually
                  | fast. [Vine Stalker growth]
   912 | D:2      | Reached XP level 4. HP: 25/25 MP: 5/5
   953 | D:2      | Found a shimmering altar of Xom.
  1198 | D:3      | Reached ** piety under Trog
  1199 | D:3      | Reached XP level 5. HP: 29/29 MP: 6/6
  1286 | D:3      | Found a one-way gate to the infinite horrors of the Abyss.
  1590 | D:3      | Found a large runed translucent door.
  1591 | D:3      | Found a large runed translucent door.
  1593 | D:3      | Found a corrupted altar of Lugonu.
  1817 | D:4      | Noticed a lemure
  1818 | D:4      | Noticed Pikel
  1818 | D:4      | Noticed a lemure
  1824 | D:4      | Noticed a lemure
  1825 | D:4      | Noticed a lemure
  1841 | D:3      | Killed a lemure
  1980 | D:4      | Found a shadowy altar of Dithmenos.
  1982 | D:4      | Noticed Edmund
  1997 | D:4      | Killed Edmund
  1998 | D:4      | Reached XP level 6. HP: 13/34 MP: 4/7
  2063 | D:4      | Found a glowing drain.
  2106 | D:4      | Killed Pikel
  2107 | D:4      | Reached XP level 7. HP: 20/40 MP: 5/8
  2130 | Sewer    | Entered a sewer
  2348 | Sewer    | Gained mutation: You have razor-sharp teeth. [Vine Stalker
                  | growth]
  2348 | Sewer    | Reached XP level 8. HP: 43/45 MP: 7/9
  2355 | Sewer    | Reached *** piety under Trog
  2684 | D:4      | Noticed Natasha
  2694 | D:4      | Killed Natasha
  2699 | D:4      | Noticed Natasha
  2707 | D:4      | Killed Natasha
  2792 | D:4      | Noticed Natasha
  2798 | D:4      | Killed Natasha
  2804 | D:5      | Entered Level 5 of the Dungeon
  2864 | D:5      | Noticed a yak
  2865 | D:5      | Noticed a yak
  2867 | D:5      | Noticed a yak
  2868 | D:5      | Noticed a yak
  2894 | D:5      | Killed a yak
  2899 | D:5      | Killed a yak
  2902 | D:5      | Killed a yak
  2903 | D:5      | Reached XP level 9. HP: 51/51 MP: 8/10
  2984 | D:5      | Found a large runed translucent door.
  2985 | D:5      | Found a large runed translucent door.
  2987 | D:5      | Noticed NigelTetley's ghost (amateur FoFi)
  3550 | D:5      | Killed NigelTetley's ghost
  3974 | D:6      | Found a staircase to the Ecumenical Temple.
  4124 | D:7      | Reached **** piety under Trog
  4260 | D:7      | Found an opulent altar of Gozag.
  4260 | D:7      | Found a burning altar of Makhleb.
  4261 | D:7      | Found a radiant altar of Vehumet.
  5000 | D:8      | Found a staircase to the Lair.
  5096 | D:8      | Noticed a manticore
  5101 | D:8      | Killed a manticore
  5102 | D:8      | Reached XP level 10. HP: 58/58 MP: 11/11
  5181 | D:8      | HP: 1/53 [acid dragon/splash of acid (30)]
  5182 | D:8      | Slain by a wight

Illustrated notes

Levels and vault maps discovered:
D:1:      dpeg_arrival_arbitrary_c, layout_basic
D:2:      layout_rooms, basic_altar
D:3:      due_chaos_kobolds, layout_basic
D:4:      layout_cave_pools, old_standard_altar, portal_sewer_entry_f,
          minmay_quantized, uniq_pikel, uniq_natasha, uniq_edmund
D:5:      layout_basic, ebering_ghost_disaster_area, glass_columns_b
D:6:      layout_gridville, temple_doors_ab, corexii_mini_fake_secret_closet
D:7:      layout_basic, gammafunk_temple_overflow_forgotten
D:8:      layout_basic, lemuel_mausoleum_altar_kikubaaqudgha, lair_entry_dummy

Skill      XL: |  1  2  3  4  5  6  7  8  9 |
---------------+----------------------------+-----
Fighting       | 3 4 6 7 9 |  9.8
Maces & Flails | 3 4 6 7 9 |  9.8
Armour         | |  1.5
Dodging        | |  1.5

Action                     |  1- 3 |  4- 6 |  7- 9 | 10-12 || total
---------------------------+-------+-------+-------+-------++-------
  Melee: Mace              |    46 |    27 |       |       ||    73
         Bite              |    11 |    28 |    51 |     4 ||    94
         Morningstar       |       |    56 |       |       ||    56
         Dire flail        |       |    26 |   207 |    19 ||   252
 Invoke: Berserk           |     2 |     3 |     6 |       ||    11
         Trog's Hand       |       |       |     2 |     1 ||     3
    Use: Scroll            |       |     9 |     6 |       ||    15
         Potion            |       |       |     6 |     1 ||     7
   Stab: Sleeping          |     2 |     3 |       |       ||     5
 Armour: Animal skin       |    10 |    16 |       |       ||    26
         Robe              |       |       |    75 |     6 ||    81
  Dodge: Dodged            |    24 |    70 |   119 |    13 ||   226

Table legend: (Time is in decaauts)
 A = Elapsed time spent in this place.
 B = Non-inter-level travel time spent in this place.
 C = Inter-level travel time spent in this place.
 D = Time resting spent in this place.
 E = Time spent auto-exploring this place.
 F = Levels seen in this place.
 G = Mean time per level.
                   A        B        C        D        E       F      G
               +--------+--------+--------+--------+--------+-----+--------+
         Total |   5339 |   5130 |    209 |      0 |   3872 |   9 |  593.2 |
       Dungeon |   5020 |   4811 |    209 |      0 |   3735 |   8 |  627.5 |
         Sewer |    318 |    318 |      0 |      0 |    136 |   1 |  318.0 |
               +--------+--------+--------+--------+--------+-----+--------+

Top non-repeatable levels by time:
     D:7: 972 daAuts
     D:5: 819 daAuts
     D:3: 814 daAuts
     D:4: 651 daAuts
     D:1: 628 daAuts
     D:2: 514 daAuts
     D:6: 401 daAuts
   Sewer: 318 daAuts
     D:8: 219 daAuts
